 Dungeon Crawl Stone Soup version 0.22-a0-601-gb0ed703ee0 (webtiles) character file.

56 Hibernaculum the Magician (level 3, -1/26 HPs)
             Began as a Gnoll Wizard on July 5, 2018.
             Slain by a leopard gecko (3 damage)
             ... on level 2 of the Dungeon.
             The game lasted 00:02:38 (1233 turns).

Hibernaculum the Magician (Gnoll Wizard)            Turns: 1233, Time: 00:02:39

Health: -1/26      AC:  2    Str:  9    XL:     3   Next: 97%
Magic:  5/11       EV: 13    Int: 21    God:
Gold:   98         SH:  6    Dex: 13    Spells: 11/16 levels left

rFire    . . .     SeeInvis .   i - +0 short sword (drain)
rCold    . . .     Gourm    .   g - +2 buckler
rNeg     . . .     Faith    .   a - +0 robe
rPois    .         Spirit   .   b - +0 hat
rElec    .         Reflect  .   (no cloak)
rCorr    .         Harm     .   (no gloves)
MR       .....                  (no boots)
Stlth    +++.......             (no amulet)
HPRegen  0.08/turn              (no ring)
MPRegen  0.12/turn              (no ring)

@: slowed, very slow
A: distributed training, fangs 1, strong nose
a: no special abilities


You were on level 2 of the Dungeon.
You were not hungry.

You visited 1 branch of the dungeon, and saw 2 of its levels.

You collected 98 gold pieces.

Inventory:

Hand Weapons
 i - a +0 short sword of draining (weapon)
 o - a +0 spear
Armour
 a - a +0 robe (worn)
 b - a +0 hat (worn)
 g - a +2 buckler (worn)
Scrolls
 c - a scroll of identify
Potions
 e - a potion of might {unknown}
 f - a potion of haste {unknown}
 h - a potion of invisibility {unknown}
 j - 2 potions of heal wounds
Comestibles
 d - 4 rations


   Skills:
 + Level 1.0 Fighting
 + Level 1.0 Short Blades
 + Level 1.0 Long Blades
 + Level 1.0 Axes
 + Level 1.0 Maces & Flails
 + Level 1.0 Polearms
 + Level 1.0 Staves
 + Level 1.0 Slings
 + Level 1.0 Bows
 + Level 1.0 Crossbows
 + Level 1.0 Throwing
 + Level 1.0 Armour
 + Level 4.6 Dodging
 + Level 4.2 Stealth
 + Level 1.0 Shields
 + Level 1.0 Unarmed Combat
 + Level 7.1 Spellcasting
 + Level 2.1 Conjurations
 + Level 0.7 Hexes
 + Level 0.7 Charms
 + Level 2.1 Summonings
 + Level 0.7 Necromancy
 + Level 2.1 Translocations
 + Level 0.7 Transmutations
 + Level 0.7 Fire Magic
 + Level 0.7 Ice Magic
 + Level 0.7 Air Magic
 + Level 0.7 Earth Magic
 + Level 0.7 Poison Magic
 + Level 1.0 Invocations
 + Level 1.0 Evocations


You had 11 spell levels left.
You knew the following spells:

 Your Spells              Type           Power        Failure   Level  Hunger
a - Magic Dart            Conj           ###.         5%          1    None
b - Blink                 Tloc           N/A          8%          2    None
c - Call Imp              Summ           ###.....     8%          2    None

Your spell library contained the following spells:

 Spells                   Type           Power        Failure   Level  Hunger
 Conjure Flame            Conj/Fire      ##......     22%         3    None
 Slow                     Hex            ##......     14%         2    None
 Mephitic Cloud           Conj/Pois/Air  ##......     24%         3    None


Dungeon Overview and Level Annotations

Branches:
Dungeon (2/15)

Altars:
Okawaru

Annotations:
D:2 Natasha


Innate Abilities, Weirdness & Mutations

Your experience applies equally to all skills.
You have very sharp teeth.
Your uncanny sense of smell can sniff out nearby items.


Message History

The leopard gecko misses you.
Natasha casts a spell.
The leopard gecko barely misses you. The leopard gecko barely misses you.
A shadow imp opens the door.
Natasha stares at you and mumbles some strange words.
You feel yourself slow down.
The shadow imp disappears in a puff of smoke!
Natasha mumbles some strange words.
The leopard gecko bites you.
* * * LOW HITPOINT WARNING * * *
Natasha casts a spell.
Natasha wildly gestures.
Natasha's front paws start to glow.
The leopard gecko closely misses you.
The white imp shouts, "Get thee hence, thou puny tip-merry vulture!"
You block the leopard gecko's attack.
All of the chunks of flesh in your inventory have rotted away.
The leopard gecko bites you.
You die...

#.# #........# #...
#.#########..# ##...
#.#.. #).###....
#.#.# #......_..
#)#.#.# ####.....#
#.#.#.# #....##
#.#.#.# #....#
#.#.#.# ####.##
#.#@#.# ###)..
#.#l#.# #####.#.##
#.#.#5#####........#
#.#.5..5h..........#
#.###.#..5.........#
#.........#........#
####......##.####...
#......'....)....
#......##.####...


You could see a crimson imp and a leopard gecko.

Vanquished Creatures
  A gnoll (D:1)
  A worm (D:2)
  3 dart slugs (D:1)
  A ball python (D:2)
  3 giant cockroaches (D:1)
  A goblin (D:1)
  5 hobgoblins
  7 jackals
  3 kobolds (D:1)
  4 bats (D:1)
  4 frilled lizards (D:1)
  2 rats
35 creatures vanquished.

Notes
Turn   | Place    | Note
-------+----------+-------------------------------------------
     0 | D:1      | Hibernaculum the Gnoll Wizard began the quest for the Orb.
     0 | D:1      | Reached XP level 1. HP: 13/13 MP: 8/8
   115 | D:1      | Reached XP level 2. HP: 16/19 MP: 1/10
   486 | D:1      | Learned a level 2 spell: Blink
   489 | D:1      | Learned a level 2 spell: Call Imp
   660 | D:1      | Reached XP level 3. HP: 25/25 MP: 11/11
   884 | D:1      | Reached skill level 1 in Invocations
   991 | D:2      | Found an iron altar of Okawaru.
  1205 | D:2      | Noticed Natasha
  1206 | D:2      | Reached skill level 1 in Fighting
  1206 | D:2      | Reached skill level 1 in Short Blades
  1206 | D:2      | Reached skill level 1 in Long Blades
  1206 | D:2      | Reached skill level 1 in Axes
  1206 | D:2      | Reached skill level 1 in Maces & Flails
  1206 | D:2      | Reached skill level 1 in Polearms
  1206 | D:2      | Reached skill level 1 in Staves
  1206 | D:2      | Reached skill level 1 in Slings
  1206 | D:2      | Reached skill level 1 in Bows
  1206 | D:2      | Reached skill level 1 in Crossbows
  1206 | D:2      | Reached skill level 1 in Throwing
  1206 | D:2      | Reached skill level 1 in Armour
  1206 | D:2      | Reached skill level 1 in Shields
  1206 | D:2      | Reached skill level 1 in Unarmed Combat
  1206 | D:2      | Reached skill level 1 in Evocations
  1233 | D:2      | Slain by a leopard gecko

Vault maps used:
D:1:      mrwooster_arrival_statue
D:2:      old_standard_altar, nicolae_overflow_crystal_walls, first_ration,
          uniq_sigmund, uniq_robin, uniq_natasha

Skill      XL: |  1  2  3 |
---------------+----------+-----
Conjurations   | 2 |  2.1
Summonings     | 2 |  2.1
Translocations | 2 |  2.1
Invocations    | 1 |  1.0
Fighting       | 1 |  1.0
Short Blades   | 1 |  1.0
Long Blades    | 1 |  1.0
Axes           | 1 |  1.0
Maces & Flails | 1 |  1.0
Polearms       | 1 |  1.0
Staves         | 1 |  1.0
Slings         | 1 |  1.0
Bows           | 1 |  1.0
Crossbows      | 1 |  1.0
Throwing       | 1 |  1.0
Armour         | 1 |  1.0
Shields        | 1 |  1.0
Unarmed Combat | 1 |  1.0
Evocations     | 1 |  1.0
Dodging        | |  4.6
Stealth        | |  4.2
Spellcasting   | |  7.1
Hexes          | |  0.7
Charms         | |  0.7
Necromancy     | |  0.7
Transmutations | |  0.7
Fire Magic     | |  0.7
Ice Magic      | |  0.7
Air Magic      | |  0.7
Earth Magic    | |  0.7
Poison Magic   | |  0.7

Action                   || total
-------------------------++-------
Melee: Dagger            ||    10
       Short sword       ||     8
       Bite              ||     3
 Cast: Magic Dart        ||    75
  Use: Scroll            ||     4
 Stab: Sleeping          ||     1
  Eat: Chunk             ||     1
Armor: Robe              ||     5
Dodge: Dodged            ||    28
Block: Buckler           ||     2

Table legend:
 A = Spawn XP
 B = Non-spawn XP
 C = Spawn XP percentage of total XP
 D = Spawn monster count
 E = Non-spawn monster count
 F = Spawn count percentage of total count
 G = Total turns spent on level
                    A         B        C        D         E        F      G
               +---------+---------+-------+---------+---------+-------+---------
         Total |       0 |      81 |   0.0 |       0 |      35 |   0.0 |  1233
               +---------+---------+-------+---------+---------+-------+---------
           D:1 |       0 |      63 |   0.0 |       0 |      27 |   0.0 |   942
           D:2 |       0 |      18 |   0.0 |       0 |       8 |   0.0 |   291
               +---------+---------+-------+---------+---------+-------+---------
